 Dungeon Crawl Stone Soup version 0.22-a0-135-g6f012ad (webtiles) character file.

226 mortelune the Chiller (level 5, -5/35 HPs)
             Began as a Demonspawn Ice Elementalist on Feb 2, 2018.
             Was an Initiate of Ashenzari.
             Slain by a river rat (9 damage)
             ... in a sewer.
             The game lasted 00:08:00 (3451 turns).

mortelune the Chiller (Demonspawn Ice Elementalist) Turns: 3451, Time: 00:08:01

Health: -5/35      AC:  4    Str:  8    XL:     5   Next: 69%
Magic:  1/9        EV: 12    Int: 18    God:    Ashenzari [......]
Gold:   117        SH:  0    Dex: 13    Spells: 4/10 levels left

rFire    + . .     SeeInvis .   m - +1 war axe
rCold    . . .     Gourm    .   (no shield)
rNeg     . . .     Faith    .   h - +0 robe
rPois    .         Spirit   .   (no helmet)
rElec    .         Reflect  .   (no cloak)
rCorr    .         Harm     .   (no gloves)
MR       .....                  (no boots)
Stlth    ++........             (no amulet)
HPRegen  0.11/turn              (no ring)
MPRegen  0.11/turn              (no ring)

@: no status effects
A: hooves 1, slimy green scales 1, fire resistance 1
a: Curse Item, Renounce Religion


You were in a sewer.
You worshipped Ashenzari.
Ashenzari was noncommittal.
You were not hungry.

You visited 1 branch of the dungeon, and saw 4 of its levels.
You also visited: Sewer.

You collected 117 gold pieces.

Inventory:

Hand Weapons
 g - a +0 short sword
 m - a +1 war axe (weapon)
Armour
 h - a +0 robe (worn)
Potions
 d - a potion of brilliance {unknown}
 e - a potion of flight {unknown}
 i - a potion of magic {unknown}
 n - 2 potions of lignification
Books
 b - a book of Frost

   Spells                             Type                      Level
   a - Freeze                         Ice                          1
   b - Throw Frost                    Conjuration/Ice              2
   c - Ozocubu's Armour               Charms/Ice                   3
   d - Throw Icicle                   Conjuration/Ice              4
   e - Summon Ice Beast               Ice/Summoning                4
Comestibles
 c - 5 rations


   Skills:
 - Level 2.0 Dodging
 - Level 1.7 Stealth
 + Level 3.3 Spellcasting
 + Level 2.6 Conjurations
 * Level 4.5 Ice Magic


You had 4 spell levels left.
You knew the following spells:

 Your Spells              Type           Power        Failure   Level  Hunger
a - Freeze                Ice            ###.         2%          1    None
b - Throw Frost           Conj/Ice       ###...       5%          2    ##.....
c - Ozocubu's Armour      Chrm/Ice       ##......     19%         3    ###....


Dungeon Overview and Level Annotations

Branches:
Dungeon (4/15)
 Temple: D:4-7

Altars:
Ashenzari
Nemelex Xobeh

Annotations:
D:3 Terence; mortelune's ghost, amateur DsIE


Innate Abilities, Weirdness & Mutations

You have large cloven feet.
You are partially covered in slimy green scales. (AC +2)
Your flesh is heat resistant. (rF+)


Message History

The river rat bites you.
You hit the river rat.
The river rat is almost dead.
The river rat bites you!
* * * LOW HITPOINT WARNING * * *
You hit the river rat but do no damage. Your kick misses the river rat.
The river rat is almost dead.
The river rat misses you. The river rat barely misses you.
You barely miss the river rat.
The river rat is almost dead.
You closely miss the river rat. The river rat misses you.
The river rat completely misses you.
You barely miss the river rat.
The river rat is almost dead.
You slash the river rat!
The river rat bites you but does no damage.
The river rat bites you.
* * * LOW HITPOINT WARNING * * *
The river rat barely misses you. The river rat bites you!
You die...

#.#
#.#
#.#
#.#
#.#
#r#
#r#
#r#
#@#
#r#
#.#
#.#
###


You could see 3 river rats and a rat.

Vanquished Creatures
  A centaur skeleton (D:4)
  A hound (D:4)
  An iguana (D:4)
  A worker ant (D:2)
  8 adders
  An adder skeleton (D:4)
  2 worms
  2 orcs (D:3)
  3 giant cockroaches
  A goblin (D:2)
  6 hobgoblins
  A quokka (D:3)
  A ball python (D:2)
  2 bats
  4 frilled lizards
  7 kobolds
  4 rats
46 creatures vanquished.

Notes
Turn   | Place    | Note
-------+----------+-------------------------------------------
     0 | D:1      | mortelune the Demonspawn Ice Elementalist began the quest for the Orb.
     0 | D:1      | Reached XP level 1. HP: 13/13 MP: 3/3
   660 | D:2      | Gained mutation: You are partially covered in slimy green scales. (AC +2) [demonic ancestry]
   660 | D:2      | Reached XP level 2. HP: 16/19 MP: 0/5
   824 | D:2      | Reached skill level 3 in Ice Magic
   828 | D:2      | Learned a level 2 spell: Throw Frost
  1453 | D:2      | Gained mutation: You have large cloven feet. [demonic ancestry]
  1453 | D:2      | Reached XP level 3. HP: 13/24 MP: 0/6
  1880 | D:3      | Found a shattered altar of Ashenzari.
  1885 | D:3      | Became a worshipper of Ashenzari the Shackled
  1919 | D:3      | Found a sparkling altar of Nemelex Xobeh.
  2081 | D:3      | Reached XP level 4. HP: 20/30 MP: 1/8
  2266 | D:3      | Noticed mortelune's ghost (amateur DsIE)
  2267 | D:3      | Noticed Terence
  2520 | D:3      | Learned a level 3 spell: Ozocubu's Armour
  3253 | D:4      | Reached skill level 4 in Ice Magic
  3258 | D:4      | Gained mutation: Your flesh is heat resistant. (rF+) [demonic ancestry]
  3258 | D:4      | Reached XP level 5. HP: 21/35 MP: 0/9
  3388 | D:4      | Found a glowing drain.
  3442 | Sewer    | Entered a sewer
  3451 | Sewer    | Slain by a river rat

Vault maps used:
D:1:      dpeg_arrival_snail
D:3:      nemelex_xobeh_ov_fountains_minmay, first_ration, ashenzari_altar_1,
          uniq_terence
D:4:      kennysheep_mini_moat, gup_sewer_entry_glass,
          nemelex_lonely_heart_becter
Sewer:    sewer_kobolds

Skill      XL: |  1  2  3  4 |
---------------+-------------+-----
Dodging        | 2 |  2.0
Ice Magic      | 3 4 |  4.5
Conjurations   | 2 |  2.6
Spellcasting   | 3 |  3.3
Stealth        | |  1.7

Action                   |  1- 3 |  4- 6 || total
-------------------------+-------+-------++-------
Melee: Short sword       |    25 |       ||    25
       Unarmed           |     1 |       ||     1
       War axe           |     3 |    18 ||    21
       Kick              |     1 |     4 ||     5
 Cast: Freeze            |    31 |    37 ||    68
       Throw Frost       |    10 |     9 ||    19
       Ozocubu's Armour  |       |     2 ||     2
  Use: Scroll            |       |     7 ||     7
  Eat: Chunk             |     1 |     5 ||     6
       Ration            |     1 |       ||     1
Armor: Robe              |     9 |    28 ||    37
Dodge: Dodged            |    38 |    48 ||    86

Table legend:
 A = Spawn XP
 B = Non-spawn XP
 C = Spawn XP percentage of total XP
 D = Spawn monster count
 E = Non-spawn monster count
 F = Spawn count percentage of total count
 G = Total turns spent on level
                    A         B        C        D         E        F      G
               +---------+---------+-------+---------+---------+-------+---------
         Total |       0 |     324 |   0.0 |       0 |      46 |   0.0 |  3451
               +---------+---------+-------+---------+---------+-------+---------
           D:1 |       0 |      11 |   0.0 |       0 |       8 |   0.0 |   537
           D:2 |       0 |      73 |   0.0 |       0 |      12 |   0.0 |  1808
           D:3 |       0 |      65 |   0.0 |       0 |      16 |   0.0 |   938
           D:4 |       0 |     175 |   0.0 |       0 |      10 |   0.0 |   159
               +---------+---------+-------+---------+---------+-------+---------
